 Dungeon Crawl Stone Soup version 0.26-a0-597-gb535b0901c (webtiles) character file.

Game seed: 12434140412845883304

179 Alarkh the Ruffian (level 5, -1/41 HPs)
             Began as a Demonspawn Gladiator on Sept 12, 2020.
             Slain by an ogre
             ... wielding a cursed -1 giant club
              (12 damage)
             ... on level 4 of the Dungeon.
             The game lasted 00:04:54 (2942 turns).

Alarkh the Ruffian (Demonspawn Gladiator)           Turns: 2942, Time: 00:04:55

Health: -1/41      AC:  4    Str: 21    XL:     5   Next: 32%
Magic:  5/5        EV: 12    Int: 10    God:
Gold:   127        SH:  0    Dex: 14    Spells: 4/4 levels left

rFire    . . .     SeeInvis .     - Unarmed
rCold    . . .     Faith    .   (no shield)
rNeg     . . .     Spirit   .   a - +0 leather armour
rPois    .         Reflect  .   b - +0 helmet
rElec    .         Harm     .   (no cloak)
rCorr    .                      (no gloves)
MR       .....                  (no boots)
Stlth    ..........             j - amulet of magic regeneration
HPRegen  0.13/turn              o - +6 ring of strength
MPRegen  0.34/turn              m - ring of attention (curse)

@: no status effects
A: spiny 1
a: no special abilities


You were on level 4 of the Dungeon.
You visited 1 branch of the dungeon, and saw 5 of its levels.

You collected 127 gold pieces.

Inventory:

Missiles
 c - 3 throwing nets (quivered)
Armour
 a - a +0 leather armour (worn)
 b - a +0 helmet (worn)
 e - a +0 pair of boots
Jewellery
 g - an uncursed ring of magical power
 j - an amulet of magic regeneration (around neck)
 m - a cursed ring of attention (right hand)
 o - a +6 ring of strength (left hand)
Scrolls
 d - a scroll of immolation
 f - a scroll of magic mapping {unknown}
 h - a scroll of amnesia
 i - a scroll of random uselessness {unknown}
 k - a scroll of teleportation {unknown}
 n - 2 scrolls of enchant armour {unknown}
 p - a scroll of fear {unknown}
 q - a scroll of blinking {unknown}
 r - a scroll of identify
 s - a scroll of noise
Potions
 l - a potion of curing


   Skills:
 + Level 3.5 Fighting
 - Level 1.7 Throwing
 - Level 2.6 Dodging
 * Level 4.8 Unarmed Combat


You had 4 spell levels left.
You didn't know any spells.
Your spell library contained the following spells:

 Spells                   Type           Power        Failure   Level
 Corona                   Hex            #......      41%         1
 Ensorcelled Hibernation  Hex/Ice        #.....       54%         2
 Confusing Touch          Hex            #.......     78%         3
 Dazzling Flash           Conj/Hex       #.....       78%         3
 Tukima's Dance           Hex            #.......     78%         3


Dungeon Overview and Level Annotations

Branches:
Dungeon (5/15)
 Temple: D:4-7

Altars:
Makhleb
Ru
Xom

Shops:
D:4 [

Annotations:
D:3 2 runed translucent doors, p0werm0de's ghost, amateur MiFi
D:4 1 runed translucent door, Blork the orc; Crazy Yiuf


Innate Abilities, Weirdness & Mutations

You are partially covered in sharp spines.


Message History

Ouch! That really hurt!
The ogre misses you.
There is a stone staircase leading up, spattered with blood here.
A gnoll comes into view. It is wielding a +0 flail.
The gnoll shouts!
A gnoll comes into view. It is wielding a +0 whip.
The gnoll shouts!
Okay, then.
As you read the scroll labeled HIDA LOJ ATRINOOW, it crumbles to dust.
You hear a loud clanging noise!
It was a scroll of noise.
You hear an angry hiss.
A gnoll comes into view. It is wielding a +0 whip.
You hit the gnoll.
The gnoll is moderately wounded.
A gnoll comes into view.
The gnoll hits you with a +0 flail!
* * * LOW HITPOINT WARNING * * *
The ogre hits you with a cursed -1 giant club!
You die...

#
##############..<##
#...........##..#.#
##.#####.......#.##
####.## #.#####...#
).....####.# #...##
.......##..# #....#
...O.......# #.#.)#
.#.....##..# #O#..#
###...####.# #@#..#
#..## #.# #g#..#
#.... ..# #.#..#
..#.. ..# #g# #.#.#
.. .g# # .. ..g ###


You could see an ogre and 4 gnolls.

Vanquished Creatures
  An orc wizard (D:3)
  5 adders
  An adder skeleton (D:4)
  2 worms (D:2)
  2 dart slugs
  4 leopard geckos
  8 orcs (D:3)
  2 ball pythons
  2 giant cockroaches (D:3)
  6 goblins
  6 hobgoblins
  3 jackals (D:3)
  8 kobolds
  2 quokkas (D:2)
  13 bats
  6 frilled lizards
  8 rats
79 creatures vanquished.

Vanquished Creatures (others)
  A frilled lizard (D:3)
  A kobold (D:3)
2 creatures vanquished.

Grand Total: 81 creatures vanquished

Notes
Turn   | Place    | Note
-------+----------+-------------------------------------------
     0 | D:1      | Alarkh the Demonspawn Gladiator began the quest for the
                  | Orb.
     0 | D:1      | Reached XP level 1. HP: 16/16 MP: 1/1
   101 | D:1      | Reached skill level 3 in Unarmed Combat
   118 | D:1      | Gained mutation: You are partially covered in sharp spines.
                  | [demonic ancestry]
   118 | D:1      | Reached XP level 2. HP: 21/22 MP: 2/2
   461 | D:1      | Reached XP level 3. HP: 26/28 MP: 3/3
   765 | D:2      | Found a sacrificial altar of Ru.
  1067 | D:2      | Reached skill level 4 in Unarmed Combat
  1067 | D:2      | Reached XP level 4. HP: 29/34 MP: 4/4
  1505 | D:3      | HP: 1/35 [orc wizard/puff of frost (11)]
  1603 | D:3      | Reached XP level 5. HP: 33/41 MP: 5/5
  1823 | D:3      | Found a burning altar of Makhleb.
  1823 | D:3      | Noticed a blizzard demon
  1834 | D:3      | Noticed a neqoxec
  1834 | D:3      | Noticed an orange demon
  1988 | D:3      | Found a large runed translucent door.
  1988 | D:3      | Found a large runed translucent door.
  1990 | D:3      | Noticed p0werm0de's ghost (amateur MiFi)
  2076 | D:4      | Noticed Blork the orc
  2144 | D:4      | Noticed an ogre
  2206 | D:4      | Found a runed translucent door.
  2207 | D:4      | Noticed Crazy Yiuf
  2281 | D:4      | Found Numeneitz's Armour Shoppe.
  2340 | D:4      | Found a shimmering altar of Xom.
  2370 | D:4      | Noticed an ogre
  2396 | D:5      | Entered Level 5 of the Dungeon
  2942 | D:4      | Slain by an ogre

Illustrated notes

Levels and vault maps discovered:
D:1:      lemuel_arrival_room, layout_loops_ring
D:2:      kennysheep_big_flooded_room, layout_loops_ring,
          nicolae_ru_sacrificial_ziggurat
D:3:      layout_rooms, makhleb_altar_promises_db, ebering_ghost_disaster_area
D:4:      minmay_wonky_spiral, layout_loops_ring, kennysheep_mini_moat,
          vehumet_statue, serial_shops, shop, minmay_cupped, uniq_blork_the_orc,
          uniq_crazy_yiuf_cottage
D:5:      layout_basic, lemuel_crystal_altar,
          minmay_temple_entry_drinking_statues

Skill      XL: |  1  2  3  4 |
---------------+-------------+-----
Unarmed Combat | 3 4 |  4.8
Fighting       | 3 |  3.5
Throwing       | |  1.7
Dodging        | |  2.6

Action                   |  1- 3 |  4- 6 || total
-------------------------+-------+-------++-------
Melee: Unarmed           |    91 |   102 ||   193
       Punch             |     4 |     1 ||     5
  Use: Potion            |       |     6 ||     6
       Scroll            |       |     3 ||     3
 Stab: Invisible         |       |     1 ||     1
Armor: Leather armour    |    30 |    20 ||    50
Dodge: Dodged            |    67 |    60 ||   127

Table legend: (Time is in decaauts)
 A = Elapsed time spent in this place.
 B = Non-inter-level travel time spent in this place.
 C = Inter-level travel time spent in this place.
 D = Time resting spent in this place.
 E = Time spent auto-exploring this place.
 F = Levels seen in this place.
 G = Mean time per level.
                   A        B        C        D        E       F      G
               +--------+--------+--------+--------+--------+-----+--------+
         Total |   2928 |   2793 |    135 |    406 |   1813 |   5 |  585.6 |
       Dungeon |   2928 |   2793 |    135 |    406 |   1813 |   5 |  585.6 |
               +--------+--------+--------+--------+--------+-----+--------+

Top non-repeatable levels by time:
     D:3: 1171 daAuts
     D:2: 787 daAuts
     D:1: 636 daAuts
     D:4: 330 daAuts
     D:5: 1 daAuts
